TOP OF THE 1ST |
Topeka Tornados batting - Pitching for Allentown Hillbillies : RHP Otis Sykes
|
Pitching: RHP Otis Sykes
|
|
Batting: RHB José Pinto
|
0-0: Ball 1-0: Ground out 5-3 (Groundball, 5S)
|
Batting: LHB Morgan Wright
|
0-0: Ball 1-0: Ball 2-0: Called Strike 2-1: DOUBLE (Line Drive, 7LM)
|
Batting: RHB Alberto Campos
|
0-0: Called Strike 0-1: Ball 1-1: Fly out, F5 (Line Drive, 56)
|
Batting: LHB Ryan Drake
|
0-0: Foul Ball, location: 2F 0-1: Fly out, F8 (Line Drive, 8RD)
|
Top of the 1st over - 0 run(s), 1 hit(s), 0 error(s), 1 left on base; Topeka 0 - Allentown 0 |
BOTTOM OF THE 1ST |
Allentown Hillbillies batting - Pitching for Topeka Tornados : RHP Willie St. John
|
Pitching: RHP Willie St. John
|
|
Batting: LHB Miguel Colón
|
0-0: Ball 1-0: Foul Ball, location: 2F 1-1: Ball 2-1: Ball 3-1: Base on Balls
|
Batting: RHB Chad Huggins
|
0-0: Ball 1-0: SINGLE (Line Drive, 4M) Miguel Colón to second
|
Batting: SHB Oliver Deleón
|
0-0: Foul Ball, location: 2F 0-1: Called Strike 0-2: Fly out, F7 (Flyball, 78D)
|
Batting: SHB Zach Franks
|
0-0: Called Strike Miguel Colón steals 3rd base Chad Huggins to second 0-1: Foul Ball, location: 2F 0-2: Strikes out looking
|
Batting: RHB Millard Stark
|
0-0: Ball 1-0: Called Strike 1-1: Foul Ball, location: 2F 1-2: Ball 2-2: Ball 3-2: Base on Balls
|
Batting: RHB Diego Rivera
|
0-0: Called Strike 0-1: Ball 1-1: Called Strike 1-2: Foul Ball, location: 2F 1-2: Ball 2-2: SINGLE (Groundball, 4MD) Miguel Colón scores Chad Huggins to third Millard Stark to second
|
Batting: RHB Gustavo Ortíz
|
0-0: Ball 1-0: Foul Ball, location: 2F 1-1: Ball 2-1: Ball 3-1: Base on Balls Chad Huggins scores Millard Stark to third Diego Rivera to second
|
Batting: RHB Bartolo López
|
0-0: Ball 1-0: Swinging Strike 1-1: Ball 2-1: Ball 3-1: Ground out 6-3 (Groundball, 6MS)
|
Bottom of the 1st over - 2 run(s), 2 hit(s), 0 error(s), 3 left on base; Topeka 0 - Allentown 2 |
TOP OF THE 2ND |
Topeka Tornados batting - Pitching for Allentown Hillbillies : RHP Otis Sykes
|
Batting: LHB Yoshiaki Ohayashi
|
0-0: Called Strike 0-1: Called Strike 0-2: Ball 1-2: Strikes out looking
|
Batting: RHB Bob Hall
|
0-0: Ball 1-0: SINGLE (Line Drive, 78S)
|
Batting: RHB Don Thomas
|
0-0: Foul Ball, location: 2F 0-1: Ball Bob Hall steals 2nd base 1-1: Ball 2-1: SINGLE (Groundball, 25) (infield hit) Bob Hall to third
|
Batting: RHB Gabriel Santana
|
0-0: Ball 1-0: Fly out, F8 (Flyball, 8LS)
|
Batting: SHB Martín Medina
|
0-0: Ground out U3 (Groundball, 3)
|
Top of the 2nd over - 0 run(s), 2 hit(s), 0 error(s), 2 left on base; Topeka 0 - Allentown 2 |
BOTTOM OF THE 2ND |
Allentown Hillbillies batting - Pitching for Topeka Tornados : RHP Willie St. John
|
Batting: RHB Joel Jackson
|
0-0: Called Strike 0-1: Ball 1-1: Foul Ball, location: 2F 1-2: SOLO HOME RUN (Flyball, 7D), Distance : 361 ft
|
Batting: LHB Miguel Colón
|
0-0: Ball 1-0: Ball 2-0: Ball 3-0: Base on Balls
|
Batting: RHB Chad Huggins
|
0-0: Ball 1-0: Grounds into double play, 4-6-3 (Groundball, 34)
|
Batting: SHB Oliver Deleón
|
0-0: Ball 1-0: Called Strike 1-1: Ball 2-1: Swinging Strike 2-2: Foul Ball, location: 2F 2-2: Ball 3-2: Foul Ball, location: 2F 3-2: Foul Ball, location: 2F 3-2: Foul Ball, location: 2F 3-2: Strikes out swinging
|
Bottom of the 2nd over - 1 run(s), 1 hit(s), 0 error(s), 0 left on base; Topeka 0 - Allentown 3 |
TOP OF THE 3RD |
Topeka Tornados batting - Pitching for Allentown Hillbillies : RHP Otis Sykes
|
Batting: RHB José Pinto
|
0-0: Foul Ball, location: 2F 0-1: Ball 1-1: Called Strike 1-2: Ball 2-2: Fly out, F8 (Flyball, 78M)
|
Batting: LHB Morgan Wright
|
0-0: Ground out 4-3 (Groundball, 4)
|
Batting: RHB Alberto Campos
|
0-0: Called Strike 0-1: Swinging Strike 0-2: Ball 1-2: Ball 2-2: Strikes out swinging
|
Top of the 3rd over - 0 run(s), 0 hit(s), 0 error(s), 0 left on base; Topeka 0 - Allentown 3 |
BOTTOM OF THE 3RD |
Allentown Hillbillies batting - Pitching for Topeka Tornados : RHP Willie St. John
|
Batting: SHB Zach Franks
|
0-0: Ball 1-0: DOUBLE (Flyball, 78M)
|
Batting: RHB Millard Stark
|
0-0: Called Strike 0-1: Ball 1-1: Called Strike 1-2: Strikes out swinging
|
Batting: RHB Diego Rivera
|
0-0: Ball 1-0: Ball 2-0: Called Strike 2-1: Ball 3-1: Base on Balls
|
Batting: RHB Gustavo Ortíz
|
0-0: Swinging Strike 0-1: Ball 1-1: Ball 2-1: SINGLE (Line Drive, 78S) Zach Franks to third Diego Rivera to second
|
Batting: RHB Bartolo López
|
0-0: Foul Ball, location: 2F 0-1: SINGLE (Flyball, 34D) Zach Franks scores Diego Rivera to third Gustavo Ortíz to second
|
Batting: RHB Joel Jackson
|
0-0: Ball 1-0: Called Strike 1-1: Called Strike 1-2: Foul Ball, location: 2F 1-2: Foul Ball, location: 2F 1-2: Ball 2-2: Ball 3-2: Foul Ball, location: 2F 3-2: Strikes out swinging
|
Batting: LHB Miguel Colón
|
0-0: Called Strike 0-1: DOUBLE (Groundball, 5L) Diego Rivera scores Gustavo Ortíz scores Bartolo López to third
|
Batting: RHB Chad Huggins
|
0-0: Ball 1-0: Ball 2-0: Foul Ball, location: 2F 2-1: Ball 3-1: Fly out, F7 (Flyball, 7M)
|
Bottom of the 3rd over - 3 run(s), 4 hit(s), 0 error(s), 2 left on base; Topeka 0 - Allentown 6 |
TOP OF THE 4TH |
Topeka Tornados batting - Pitching for Allentown Hillbillies : RHP Otis Sykes
|
Batting: LHB Ryan Drake
|
0-0: DOUBLE (Popup, 9LS)
|
Batting: LHB Yoshiaki Ohayashi
|
0-0: Foul Ball, location: 2F 0-1: Called Strike 0-2: Ball Wild Pitch! Ryan Drake to third 1-2: Ball 2-2: Foul Ball, location: 2F 2-2: Strikes out looking
|
Batting: RHB Bob Hall
|
0-0: Ball 1-0: Foul Ball, location: 2F 1-1: Swinging Strike 1-2: Ball 2-2: Ball 3-2: Strikes out swinging
|
Batting: RHB Don Thomas
|
0-0: Called Strike 0-1: Swinging Strike 0-2: Ball 1-2: Ball 2-2: Strikes out swinging
|
Top of the 4th over - 0 run(s), 1 hit(s), 0 error(s), 1 left on base; Topeka 0 - Allentown 6 |
BOTTOM OF THE 4TH |
Allentown Hillbillies batting - Pitching for Topeka Tornados : RHP Willie St. John
|
Batting: SHB Oliver Deleón
|
0-0: Foul Ball, location: 2F 0-1: Foul Ball, location: 2F 0-2: Foul Ball, location: 2F 0-2: Ball 1-2: Fly out, F5 (Line Drive, 5)
|
Batting: SHB Zach Franks
|
0-0: Foul Ball, location: 2F 0-1: Ball 1-1: Ball 2-1: Foul Ball, location: 2F 2-2: Ball 3-2: Base on Balls
|
Batting: RHB Millard Stark
|
0-0: Ball 1-0: Ball 2-0: Foul Ball, location: 2F 2-1: Swinging Strike 2-2: Ball 3-2: Strikes out swinging
|
Pitching: LHP Tommy Campbell
|
|
Batting: RHB Diego Rivera
|
0-0: Called Strike 0-1: Ball 1-1: Called Strike 1-2: Ball 2-2: Ball 3-2: Fly out, F9 (Flyball, 9S)
|
Bottom of the 4th over - 0 run(s), 0 hit(s), 0 error(s), 1 left on base; Topeka 0 - Allentown 6 |
TOP OF THE 5TH |
Topeka Tornados batting - Pitching for Allentown Hillbillies : RHP Otis Sykes
|
Batting: RHB Gabriel Santana
|
0-0: Swinging Strike 0-1: Foul Ball, location: 2F 0-2: Foul Ball, location: 2F 0-2: Ball 1-2: Ball 2-2: Fly out, F9 (Flyball, 89M)
|
Batting: SHB Martín Medina
|
0-0: Ball 1-0: Ball 2-0: Called Strike 2-1: Called Strike 2-2: Ball 3-2: Base on Balls
|
Batting: RHB José Pinto
|
0-0: Ball 1-0: Called Strike Martín Medina steals 2nd base 1-1: SINGLE (Groundball, 56) Martín Medina to third Runner from 3rd tries for Home, SAFE, no throw or cutoff
|
Batting: LHB Morgan Wright
|
0-0: Ball 1-0: Swinging Strike 1-1: Foul Ball, location: 2F 1-2: SINGLE (Groundball, 15S) (infield hit) José Pinto to second
|
Batting: RHB Alberto Campos
|
0-0: Called Strike José Pinto steals 3rd base Morgan Wright to second 0-1: Ball 1-1: SINGLE (Line Drive, 7S) José Pinto scores Morgan Wright to third Runner from 3rd tries for Home, SAFE, throw made home
|
Batting: LHB Ryan Drake
|
0-0: Ball 1-0: Grounds into double play, 4-6-3 (Groundball, 4)
|
Top of the 5th over - 3 run(s), 3 hit(s), 0 error(s), 0 left on base; Topeka 3 - Allentown 6 |
BOTTOM OF THE 5TH |
Allentown Hillbillies batting - Pitching for Topeka Tornados : LHP Tommy Campbell
|
Batting: RHB Gustavo Ortíz
|
0-0: Foul Ball, location: 2F 0-1: Ball 1-1: Ball 2-1: Ball 3-1: Foul Ball, location: 2F 3-2: Base on Balls
|
Batting: RHB Bartolo López
|
0-0: Called Strike 0-1: Fly out, F8 (Flyball, 8RM)
|
Batting: RHB Joel Jackson
|
0-0: Swinging Strike 0-1: Ball 1-1: Ball 2-1: Fly out, F6 (Popup, 4M)
|
Batting: LHB Miguel Colón
|
0-0: Ball 1-0: Foul Ball, location: 2F 1-1: Ball 2-1: Ball 3-1: Base on Balls Gustavo Ortíz to second
|
Batting: RHB Chad Huggins
|
0-0: Ball 1-0: Ball 2-0: SINGLE (Groundball, 6MD) Gustavo Ortíz to third Miguel Colón to second Runner from 3rd tries for Home, SAFE, no throw or cutoff
|
Batting: SHB Oliver Deleón
|
0-0: Ball 1-0: Called Strike 1-1: Ball 2-1: Ball 3-1: Swinging Strike 3-2: Base on Balls Miguel Colón to third Chad Huggins to second
|
Batting: SHB Zach Franks
|
0-0: Ball 1-0: Swinging Strike 1-1: Foul Ball, location: 2F 1-2: Foul Ball, location: 2F 1-2: Ball 2-2: Ground out 6-3 (Groundball, 6)
|
Bottom of the 5th over - 1 run(s), 1 hit(s), 0 error(s), 3 left on base; Topeka 3 - Allentown 7 |
TOP OF THE 6TH |
Topeka Tornados batting - Pitching for Allentown Hillbillies : RHP Otis Sykes
|
Batting: LHB Yoshiaki Ohayashi
|
0-0: Ball 1-0: Called Strike 1-1: Swinging Strike 1-2: Ball 2-2: Foul Ball, location: 2F 2-2: Foul Ball, location: 2F 2-2: SINGLE (Flyball, 7LS)
|
Batting: RHB Bob Hall
|
0-0: Ball 1-0: Ball 2-0: Ball 3-0: Called Strike 3-1: Base on Balls Yoshiaki Ohayashi to second
|
Batting: RHB Don Thomas
|
0-0: Ball 1-0: Called Strike 1-1: Fly out, F5 (Line Drive, 5)
|
Batting: RHB Gabriel Santana
|
0-0: Foul Ball, location: 2F 0-1: Foul Ball, location: 2F 0-2: Strikes out swinging
|
Batting: SHB Martín Medina
|
0-0: Called Strike 0-1: Foul Ball, location: 2F 0-2: Fly out, F8 (Flyball, 8LD)
|
Top of the 6th over - 0 run(s), 1 hit(s), 0 error(s), 2 left on base; Topeka 3 - Allentown 7 |
BOTTOM OF THE 6TH |
Allentown Hillbillies batting - Pitching for Topeka Tornados : LHP Tommy Campbell
|
Batting: RHB Millard Stark
|
0-0: Foul Ball, location: 2F 0-1: Swinging Strike 0-2: Ball 1-2: Ball 2-2: Foul Ball, location: 2F 2-2: Foul Ball, location: 2F 2-2: Ball 3-2: Foul Ball, location: 2F 3-2: Base on Balls
|
Batting: RHB Diego Rivera
|
0-0: Called Strike 0-1: Called Strike 0-2: Fielders Choice at 2nd, 3-6 (Groundball, 3)
|
Batting: RHB Gustavo Ortíz
|
0-0: Ball 1-0: Swinging Strike 1-1: SINGLE (Flyball, 8RS) Diego Rivera to second
|
Batting: RHB Bartolo López
|
0-0: Ball 1-0: Called Strike 1-1: Ball 2-1: SINGLE (Line Drive, 4MD) Diego Rivera to third Gustavo Ortíz to second Runner from 3rd tries for Home, SAFE, no throw or cutoff
|
Batting: RHB Joel Jackson
|
0-0: Ball 1-0: Ball 2-0: Ball 3-0: Called Strike 3-1: Base on Balls Gustavo Ortíz to third Bartolo López to second
|
Batting: LHB Miguel Colón
|
0-0: Ball 1-0: Called Strike 1-1: Grounds out, U3 (Groundball, 3L) Gustavo Ortíz scores Bartolo López to third
|
Pitching: RHP Clark Edwards
|
|
Batting: RHB Chad Huggins
|
0-0: Ball 1-0: Ball 2-0: Foul Ball, location: 2F 2-1: Ball 3-1: Base on Balls
|
Batting: SHB Oliver Deleón
|
0-0: Ball 1-0: Called Strike 1-1: Foul Ball, location: 2F 1-2: Ground out 4-3 (Groundball, 13)
|
Bottom of the 6th over - 2 run(s), 2 hit(s), 0 error(s), 3 left on base; Topeka 3 - Allentown 9 |
TOP OF THE 7TH |
Topeka Tornados batting - Pitching for Allentown Hillbillies : RHP Otis Sykes
|
Pitching: RHP Drew Schaefer
|
|
Batting: RHB José Pinto
|
0-0: Ball 1-0: Foul Ball, location: 2F 1-1: Foul Ball, location: 2F 1-2: Ball 2-2: Fly out, F9 (Flyball, 9M)
|
Batting: LHB Morgan Wright
|
0-0: Ball 1-0: Foul Ball, location: 2F 1-1: Ball 2-1: Ball 3-1: Base on Balls
|
Batting: RHB Alberto Campos
|
0-0: Ball 1-0: Called Strike 1-1: Foul Ball, location: 2F 1-2: Strikes out looking
|
Batting: LHB Ryan Drake
|
0-0: Called Strike 0-1: Ball Wild Pitch! Morgan Wright to second 1-1: Called Strike 1-2: Foul Ball, location: 2F 1-2: Strikes out swinging
|
Top of the 7th over - 0 run(s), 0 hit(s), 0 error(s), 1 left on base; Topeka 3 - Allentown 9 |
BOTTOM OF THE 7TH |
Allentown Hillbillies batting - Pitching for Topeka Tornados : RHP Clark Edwards
|
Batting: SHB Zach Franks
|
0-0: Ball 1-0: Ball 2-0: Ball 3-0: Base on Balls
|
Batting: RHB Millard Stark
|
0-0: Ball 1-0: Called Strike 1-1: Fielders Choice at 2nd, 6-4 (Groundball, 56)
|
Batting: RHB Diego Rivera
|
0-0: Ball 1-0: Foul Ball, location: 2F 1-1: Called Strike 1-2: Ball 2-2: Ball 3-2: Strikes out swinging
|
Batting: RHB Gustavo Ortíz
|
0-0: Called Strike 0-1: Ball Millard Stark steals 2nd base 1-1: Ground out 4-3 (Groundball, 4)
|
Bottom of the 7th over - 0 run(s), 0 hit(s), 0 error(s), 1 left on base; Topeka 3 - Allentown 9 |
TOP OF THE 8TH |
Topeka Tornados batting - Pitching for Allentown Hillbillies : RHP Drew Schaefer
|
Now at SS: António Yánez
|
|
Batting: LHB Yoshiaki Ohayashi
|
0-0: Called Strike 0-1: Ball 1-1: Swinging Strike 1-2: Ball 2-2: Ball 3-2: Base on Balls
|
Batting: RHB Bob Hall
|
0-0: Swinging Strike 0-1: Ball 1-1: Swinging Strike 1-2: Ball 2-2: Strikes out swinging
|
Batting: RHB Don Thomas
|
0-0: Swinging Strike 0-1: Ground out 3-1 (Groundball, 23) Yoshiaki Ohayashi to second
|
Batting: RHB Gabriel Santana
|
0-0: Foul Ball, location: 2F 0-1: Foul Ball, location: 2F 0-2: Ball 1-2: Ball 2-2: Strikes out swinging
|
Top of the 8th over - 0 run(s), 0 hit(s), 0 error(s), 1 left on base; Topeka 3 - Allentown 9 |
BOTTOM OF THE 8TH |
Allentown Hillbillies batting - Pitching for Topeka Tornados : RHP Clark Edwards
|
Batting: RHB Bartolo López
|
0-0: Ball 1-0: Ball 2-0: Called Strike 2-1: Ball 3-1: Base on Balls
|
Batting: RHB Joel Jackson
|
0-0: Sac Bunt - play at first, batter OUT! 1-4 Bartolo López to second
|
Batting: LHB Miguel Colón
|
0-0: Swinging Strike 0-1: Ball 1-1: SINGLE (Line Drive, 6) Bartolo López to third Runner from 3rd tries for Home, SAFE, no throw or cutoff
|
Batting: RHB Chad Huggins
|
0-0: Called Strike Miguel Colón is caught stealing 2nd base 0-1: Ground out 5-3 (Groundball, 56)
|
Bottom of the 8th over - 1 run(s), 1 hit(s), 0 error(s), 0 left on base; Topeka 3 - Allentown 10 |
TOP OF THE 9TH |
Topeka Tornados batting - Pitching for Allentown Hillbillies : RHP Drew Schaefer
|
Batting: SHB Martín Medina
|
0-0: Called Strike 0-1: Ball 1-1: Swinging Strike 1-2: Foul Ball, location: 2F 1-2: Foul Ball, location: 2F 1-2: Ground out 6-3 (Groundball, 6MS)
|
Batting: RHB José Pinto
|
0-0: Foul Ball, location: 2F 0-1: Ball 1-1: Ball 2-1: Swinging Strike 2-2: Foul Ball, location: 2F 2-2: Foul Ball, location: 2F 2-2: Foul Ball, location: 2F 2-2: Strikes out swinging
|
Batting: LHB Morgan Wright
|
0-0: Foul Ball, location: 2F 0-1: Foul Ball, location: 2F 0-2: Foul Ball, location: 2F 0-2: Ball 1-2: Ground out 1-3 (Groundball, 23)
|
Top of the 9th over - 0 run(s), 0 hit(s), 0 error(s), 0 left on base; Topeka 3 - Allentown 10 |
|